AoeStats
← hongtinneli

Arena

507060392Analyzed
4v4 RM · 17d ago on Sep 16, 2026· 31m 47s· 8 players
Game mode
Random Map
Map size
Large (8 player)
Population
200
Speed
Normal
Resources
Standard
Victory
Conquest
Starting age
Dark Age
Ending age
Imperial Age
RankedLock teamsTeams togetherTeam positionsShared explorationLock speedFull tech treeHidden civsTurbo modeCheats
Victory
Defeat
🇧🇷 Turks · Brazil
909
+12
🇻🇳 Huns · Vietnam
907
+12
🇹🇼 Khmer · Taiwan
842
+15
🇺🇸 Franks · United States
758
+18
🇩🇪 Burgundians · Germany
862
-16
🇫🇷 Bohemians · France
820
-14
🇫🇷 Hindustanis · France
802
-14
🇹🇷 Hindustanis · Türkiye
790
-13
Cockine
13:32 Feudal Age
18:38 Castle Age
17:36 Horse Collar
17:48 Double-Bit Axe
18:24 Horse Collar
21:38 Fervor
28:47 Forging
28:31 Fletching
28:46 Scale Barding Armor
28:52 Forging
30:31 Wheelbarrow
29:42 Loom
29:42 Town Watch
30:54 Heavy Plow
sandy
5:36 Double-Bit Axe
11:20 Feudal Age
11:46 Horse Collar
12:56 Heavy Plow
12:47 Loom
20:22 Castle Age
18:43 Stone Mining
20:03 Bow Saw
20:17 Scale Mail Armor
20:13 Fletching
25:28 Scale Barding Armor
25:55 Padded Archer Armor
26:52 Forging
27:00 Husbandry
27:17 Elite Skirmisher
28:32 Cavalier
CanineSphinx22
0:30 Loom
11:25 Feudal Age
12:16 Horse Collar
12:32 Double-Bit Axe
20:21 Castle Age
21:27 Bow Saw
21:21 Heavy Plow
21:48 Caravan
yunusseckn
2:36 Loom
11:51 Feudal Age
13:24 Double-Bit Axe
14:26 Horse Collar
18:53 Castle Age
19:24 Town Watch
21:36 Wheelbarrow
21:09 Gold Mining
23:45 Pikeman
25:52 Gold Shaft Mining
25:35 Hand Cart
29:53 Imperial Age
28:03 Town Patrol
31:00 Conscription
Mkc
11:50 Feudal Age
15:39 Castle Age
21:13 Imperial Age
18:44 Double-Bit Axe
19:40 Gold Mining
21:09 Bow Saw
21:14 Padded Archer Armor
23:06 Wheelbarrow
23:38 Leather Archer Armor
25:38 Ring Archer Armor
SUSUKI
12:10 Feudal Age
15:42 Castle Age
13:30 Double-Bit Axe
13:29 Horse Collar
17:19 Heavy Plow
17:29 Bow Saw
23:14 Wheelbarrow
23:50 Loom
24:53 Hand Cart
24:27 Town Watch
28:36 Imperial Age
26:25 Gold Mining
26:26 Stone Mining
28:38 Gold Shaft Mining
28:44 Stone Shaft Mining
31:03 Crop Rotation
31:16 Double Crossbow
31:43 Heavy Scorpion
Kelvin.Xu
10:23 Feudal Age
16:27 Castle Age
15:56 Double-Bit Axe
29:47 Imperial Age
27:39 Bow Saw
29:01 Wheelbarrow
31:06 #83
30:49 Chivalry
hongtinneli
11:05 Feudal Age
9:43 Loom
17:09 Castle Age
15:27 Stone Mining
16:18 Double-Bit Axe
18:08 Horse Collar
19:27 Heavy Plow
25:50 Bow Saw
26:30 Gold Mining
26:59 Scale Barding Armor
28:49 Bloodlines
28:43 Husbandry
29:04 Marauders
29:59 Gold Shaft Mining
29:49 Chain Barding Armor
30:09 Wheelbarrow
30:19 Forging
33:03 Imperial Age
32:29 Iron Casting
Connection lost

Rejoining the realm…

Still unreachable

The connection could not be restored.

Session expired

The server has moved on; the page needs a fresh start.